 Dungeon Crawl Stone Soup version 0.28.0-53-g5a82cb258f (webtiles) character file.

Game seed: 15937372025817457489

37 Jerry the Skirmisher (level 3, 0/20 HPs)
             Began as a Vine Stalker Fighter on July 30, 2022.
             Succumbed to Sigmund's poison
             ... on level 2 of the Dungeon.
             The game lasted 00:01:57 (857 turns).

Jerry the Skirmisher (Vine Stalker Fighter)          Turns: 857, Time: 00:01:58

Health: 0/20       AC:  6    Str: 18    XL:     3   Next: 39%
Magic:  2/4        EV:  9    Int:  8    God:
Gold:   23         SH:  5    Dex: 15    Spells: 2/2 levels left

rFire   . . .      SeeInvis .   a - +0 rapier
rCold   . . .      Faith    .   c - +0 buckler
rNeg    . . .      Spirit   +   b - +0 scale mail
rPois   .          Reflect  .   (no helmet)
rElec   .          Harm     .   (no cloak)
rCorr   .          Rampage  .   (no gloves)
Will    .....                   (no boots)
Stlth   ..........              (no amulet)
HPRegen 0.06/turn               (no ring)
MPRegen 0.09/turn               (no ring)

@: mighty, lethally poisoned (0 -> -16)
A: fangs 2, magic shield, antimagic bite, no potion heal 2
a: no special abilities


You were on level 2 of the Dungeon.
You visited 1 branch of the dungeon, and saw 2 of its levels.

You collected 23 gold pieces.

Inventory:

Hand Weapons
 a - a +0 rapier (weapon)
Armour
 b - a +0 scale mail (worn)
 c - a +0 buckler (worn)
Scrolls
 e - a scroll of noise {unknown}
 f - a scroll of fear {unknown}
 h - a scroll of torment {unknown}
 i - a scroll of identify {unknown}
 j - a scroll of magic mapping {unknown}
Potions
 d - 2 potions of might
 g - 2 potions of heal wounds {unknown}


   Skills:
 + Level 3.0 Fighting
 + Level 2.1 Short Blades
 + Level 2.7 Armour
 + Level 3.0 Shields
 + Level 1.0 Invocations


You had 2 spell levels left.
You didn't know any spells.
Your spell library was empty.

Dungeon Overview and Level Annotations

Branches:
Dungeon (2/15)

Altars:

Annotations:
D:2 Sigmund


Innate Abilities, Weirdness & Mutations

You have extremely sharp teeth.
When hurt, damage is shared between your health and your magic reserves.
Your bite disrupts and absorbs the magic of your enemies.
Potions cannot restore your health.


Message History

You kill the adder!
Your Fighting skill increases to level 3!
Your Shields skill increases to level 3!
Your Invocations skill increases to level 1!
No target in view!
No target in view!
Found 16 bolts.
Found a stone staircase leading down.
Sigmund and a hobgoblin come into view.
Sigmund is wielding a +0 scythe of venom and carrying a wand of flame (16).
Sigmund shouts!
Sigmund moves out of view.
You see here 2 scrolls labelled RIYNWO VIHIDD.
The hobgoblin barely misses you.
You hit the hobgoblin.
The hobgoblin is heavily wounded.
The hobgoblin barely misses you.
You hit the hobgoblin.
You kill the hobgoblin!
Sigmund casts a spell at you.
You are confused.
A ball python comes into view.
You see here 2 scrolls labelled RIYNWO VIHIDD.
You feel very mighty all of a sudden.
Sigmund hits you with a +0 scythe of venom.
Sigmund screams, "I am the angel of ZOT!!!"
Sigmund hits you from afar with a +0 scythe of venom!
You are lethally poisoned!
You bump into the rock wall.
You feel very sick.
* * * LOW HITPOINT WARNING * * *
You feel sick.
Sigmund zaps a wand.
The puff of flame misses you.
You see here 2 scrolls labelled RIYNWO VIHIDD.
You closely miss Sigmund.
You feel less confused.
* * * LOW HITPOINT WARNING * * *
You feel sick. Sigmund hits you but does no damage.
You are more poisoned.
You puncture Sigmund!
Sigmund is heavily wounded.
You die...

#...<......#
#..........#
#.......##.#
.......###.#.#
....###.# #...#
.##[ #[###.### #
#....## #
#.#.#######....
#..S@@..†......
....#..#######...#
#.## #..# # #...
#..# >.(# ..#..
....


You could see Sigmund and a ball python.

Vanquished Creatures
  An adder (D:2)
  2 dart slugs (D:1)
  4 bats (D:1)
  A giant cockroach (D:1)
  3 goblins (D:1)
  4 hobgoblins
  2 quokkas (D:1)
  A frilled lizard (D:1)
  3 kobolds (D:1)
  2 rats (D:1)
23 creatures vanquished.

Notes
Turn   | Place    | Note
-------+----------+-------------------------------------------
     0 | D:1      | Jerry the Vine Stalker Fighter began the quest for the Orb.
     0 | D:1      | Reached XP level 1. HP: 11/11 MP: 2/2
    61 | D:1      | Reached XP level 2. HP: 12/16 MP: 3/3
   242 | D:1      | Found a faded altar of an unknown god.
   381 | D:1      | Reached XP level 3. HP: 19/19 MP: 4/4
   835 | D:2      | Reached skill level 1 in Invocations
   844 | D:2      | Noticed Sigmund
   857 | D:2      | Succumbed to Sigmund's poison

Illustrated notes

Levels and vault maps discovered:
D:1:      lightli_arrival_lavapool, layout_basic,
          hellmonk_ecumenical_altar_run_dry, serial_park_tiny_1,
          grunt_decor_one_mirror, minmay_tromino_v4_c
D:2:      layout_loops_ring, uniq_sigmund, uniq_terence

Skill      XL: |  1  2  3 |
---------------+----------+-----
Short Blades   | 2 |  2.1
Fighting       | 3 |  3.0
Shields        | 3 |  3.0
Invocations    | 1 |  1.0
Armour         | |  2.7

Action                   || total
-------------------------++-------
Melee: Rapier            ||    48
       Bite              ||    15
  Use: Potion            ||     1
Armor: Scale mail        ||    26
Dodge: Dodged            ||    15
Block: Buckler           ||    10
